 Dungeon Crawl Stone Soup version 0.25-a0-413-g3b4b6a4ccc (webtiles) character file.

Game seed: 17787842222122778883, levelgen mode: deterministic

102 Anathary the Firebug (level 4, 0/24 HPs)
             Began as a Deep Elf Fire Elementalist on Jan 16, 2020.
             Slain by an adder (2 damage)
             ... on level 3 of the Dungeon.
             The game lasted 00:16:22 (2520 turns).

Anathary the Firebug (Deep Elf Fire Elementalist)   Turns: 2520, Time: 00:16:22

Health: 0/24       AC:  2    Str:  5    XL:     4   Next: 49%
Magic:  6/10       EV: 13    Int: 21    God:
Gold:   50         SH:  0    Dex: 15    Spells: 8/9 levels left

rFire    . . .     SeeInvis .   (no weapon)
rCold    . . .     Gourm    .   (no shield)
rNeg     . . .     Faith    .   a - +0 robe
rPois    .         Spirit   .   (no helmet)
rElec    .         Reflect  .   (no cloak)
rCorr    .         Harm     .   (no gloves)
MR       .....                  (no boots)
Stlth    ++........             (no amulet)
HPRegen  0.08/turn              (no ring)
MPRegen  0.12/turn              (no ring)

@: lethally poisoned (0 -> -4)
A: no striking features
a: no special abilities


You were on level 3 of the Dungeon.
You were not hungry.

You visited 1 branch of the dungeon, and saw 3 of its levels.

You collected 50 gold pieces.

Inventory:

Hand Weapons
 j - a +1 dagger of venom
Armour
 a - a +0 robe (worn)
Jewellery
 d - an uncursed amulet of faith {unknown}
Scrolls
 b - 3 scrolls of teleportation {unknown}
 e - 2 scrolls of remove curse {unknown}
 h - 2 scrolls of fear {unknown}
 l - a scroll of identify {unknown}
Potions
 f - 2 potions of curing {unknown}
 g - a potion of ambrosia {unknown}
 i - a potion of agility {unknown}
 k - a potion of mutation {unknown}
 m - a potion of degeneration {unknown}
Comestibles
 c - 6 rations


   Skills:
 - Level 2.4 Dodging
 + Level 3.0 Stealth
 + Level 3.2 Spellcasting
 + Level 2.5 Conjurations
 - Level 5.0 Fire Magic


You had 8 spell levels left.
You knew the following spells:

 Your Spells              Type           Power        Failure   Level  Hunger
a - Foxfire               Conj/Fire      ###.         2%          1    None

Your spell library contained the following spells:

 Spells                   Type           Power        Failure   Level  Hunger
 Conjure Flame            Conj/Fire      ###.....     9%          3    ###....
 Inner Flame              Hex/Fire       ##......     14%         3    ###....
 Sticky Flame             Conj/Fire      ###.....     26%         4    ####...
 Fireball                 Conj/Fire      ###.......   58%         5    ######.


Dungeon Overview and Level Annotations

Branches:
Dungeon (3/15)

Altars:
Wu Jian
Xom


Message History

You kill the hobgoblin!
The foxfire hits the kobold.
You kill the kobold!
The adder misses you. The adder bites you.
* * * LOW HITPOINT WARNING * * *
* * * LOW HITPOINT WARNING * * *
You feel sick.
Casting: Foxfire (safe; 2% risk of failure)
Confirm with . or Enter, or press ? or * to list all spells.
You conjure some foxfire!
The adder barely misses you.
* * * LOW HITPOINT WARNING * * *
You feel sick.
The foxfire hits the adder.
The adder is moderately wounded.
The adder barely misses you.
Casting: Foxfire (safe; 2% risk of failure)
Confirm with . or Enter, or press ? or * to list all spells.
You don't know that spell.
Your +1 dagger of venom stops dripping with poison.
You are now empty-handed.
The adder bites you.
You die...

#> ... ... #.# #.#
...### #.# #.#
#...###.#### .#.#
####........##.#.#
.#...###.##......#
.#.### #.##..#.#.# ...#
#.##..#.§v# # #<##
#.##..###@###.# #.#
###........S....###
#.#............)†.......
#.#.############.##.....
... #####.# ...## #<#
#.g...# ..# #.# #g#####
.# ... #< ## g.


You could see an adder.

Vanquished Creatures
  3 adders (D:2)
  An ooze (D:2)
  5 dart slugs
  3 orcs (D:2)
  5 giant cockroaches (D:1)
  14 hobgoblins
  A quokka (D:2)
  2 bats (D:1)
  7 frilled lizards
  3 goblins (D:1)
  10 kobolds
  4 rats
58 creatures vanquished.

Vanquished Creatures (others)
  143 foxfires
143 creatures vanquished.

Grand Total: 201 creatures vanquished

Notes
Turn   | Place    | Note
-------+----------+-------------------------------------------
     0 | D:1      | Anathary the Deep Elf Fire Elementalist began the quest for
                  | the Orb.
     0 | D:1      | Reached XP level 1. HP: 10/10 MP: 6/6
   119 | D:1      | Reached XP level 2. HP: 15/15 MP: 2/8
   247 | D:1      | Reached skill level 4 in Fire Magic
   467 | D:1      | Reached XP level 3. HP: 19/19 MP: 5/9
  1068 | D:2      | Found a shimmering altar of Xom.
  1068 | D:2      | Found an ornate altar of the Wu Jian Council.
  1116 | D:2      | Reached XP level 4. HP: 24/24 MP: 8/10
  1340 | D:2      | Reached skill level 5 in Fire Magic
  2520 | D:3      | Slain by an adder

Levels and vault maps discovered:
D:1:      psy_arrival_spokes, layout_basic, minmay_worlds_worst_comb
D:2:      layout_basic, gammafunk_temple_overflow_wave, minmay_pentomino_u2
D:3:      layout_loops_ring, first_ration, minmay_statues_item

Skill      XL: |  1  2  3  4 |
---------------+-------------+-----
Fire Magic     | 4 5 |  5.0
Conjurations   | 2 |  2.5
Stealth        | 3 |  3.0
Dodging        | |  2.4
Spellcasting   | |  3.2

Action                   |  1- 3 |  4- 6 || total
-------------------------+-------+-------++-------
Melee: Unarmed           |     2 |       ||     2
       Dagger            |       |     6 ||     6
 Cast: Foxfire           |    57 |    36 ||    93
  Eat: Ration            |       |     2 ||     2
Armor: Robe              |     1 |     3 ||     4
Dodge: Dodged            |    15 |    14 ||    29

Table legend:
 A = Non-vault XP
 B = Vault XP
 C = Vault XP percentage of total XP
 D = Non-vault monster count
 E = Vault monster count
 F = Vault count percentage of total count
                 A         B        C        D         E       F
            +---------+---------+-------+---------+---------+-------
      Total |     135 |      11 |   7.5 |      52 |       6 |  10.3
            +---------+---------+-------+---------+---------+-------
        D:1 |      49 |      10 |  16.9 |      27 |       5 |  15.6
        D:2 |      81 |       1 |   1.2 |      22 |       1 |   4.3
        D:3 |       5 |       0 |   0.0 |       3 |       0 |   0.0
            +---------+---------+-------+---------+---------+-------
